[ AOE2 MATCH · #463513363 ]
UnrankedJapanese vs Bohemians
[ REPLAY ANALYSIS · EXTRACTED FROM THE RECORDED GAME ]
Feudal
13:35
Castle
20:33
Imperial
39:17
| APM avg | 46.9 |
| APM peak | 85 |
| eAPM avg | 23.0 |
| Villagers / military | 110 / 124 |
Focus
⚔️ 38.6% · 🌾 61.4%
Cavalry Archer ×121 · Fishing Ship ×38 · Unknown (2626) ×13 · Samurai ×2 · Archer ×1
Feudal
13:51
Castle
17:29
Imperial
—
| APM avg | 32.0 |
| APM peak | 55 |
| eAPM avg | 16.2 |
| Villagers / military | 133 / 135 |
Focus
⚔️ 35.5% · 🌾 64.5%
Hand Cannoneer ×119 · Battering Ram ×15 · Fishing Ship ×12 · Trade Cog ×1 · Archer ×1
Feudal
13:11
Castle
17:17
Imperial
38:29
| APM avg | 36.1 |
| APM peak | 127 |
| eAPM avg | 17.3 |
| Villagers / military | 136 / 124 |
Focus
⚔️ 20.0% · 🌾 80.0%
Knight ×123 · Fishing Ship ×11 · Unknown (2626) ×3 · Monk ×1
Feudal
14:23
Castle
17:04
Imperial
36:07
| APM avg | 37.1 |
| APM peak | 88 |
| eAPM avg | 16.9 |
| Villagers / military | 122 / 85 |
Focus
⚔️ 28.2% · 🌾 71.8%
Archer ×40 · Battle Elephant ×38 · Fishing Ship ×7 · Unknown (2626) ×4 · Mangonel ×3 · Skirmisher ×2
Feudal
13:16
Castle
22:05
Imperial
—
| APM avg | 19.9 |
| APM peak | 45 |
| eAPM avg | 11.6 |
| Villagers / military | 97 / 57 |
Focus
⚔️ 31.7% · 🌾 68.3%
Archer ×42 · Galley ×13 · Fishing Ship ×8 · Spearman ×1 · Mangonel ×1
Feudal
13:36
Castle
18:13
Imperial
33:23
| APM avg | 31.1 |
| APM peak | 76 |
| eAPM avg | 15.0 |
| Villagers / military | 143 / 194 |
Focus
⚔️ 24.1% · 🌾 75.9%
Knight ×160 · Magyar Huszar ×34 · Fishing Ship ×12
Feudal
14:06
Castle
18:10
Imperial
—
| APM avg | 47.7 |
| APM peak | 120 |
| eAPM avg | 18.4 |
| Villagers / military | 95 / 68 |
Focus
⚔️ 18.1% · 🌾 81.9%
Conquistador ×55 · Fishing Ship ×9 · Spearman ×3 · Knight ×3 · Demolition Raft ×3 · Mangonel ×3
Feudal
12:43
Castle
26:25
Imperial
—
| APM avg | 43.0 |
| APM peak | 117 |
| eAPM avg | 18.9 |
| Villagers / military | 89 / 24 |
Focus
⚔️ 19.1% · 🌾 80.9%
Scout Cavalry ×9 · Mangonel ×7 · Fishing Ship ×6 · Spearman ×5 · Armored Elephant ×2 · Battle Elephant ×1
Match map
Initial resources + every placement click. Lines = walls · curves = elevation contours. ◆ gold · ⬟ stone · ● berries · ✦ relic · ◌ wall gap
Your base· Open — 15t gap
True-Name aka tizteezy's base· Open — 11t gap
[KBRA] EagleK's base· Open — 7t gap
santarem's base· Open — 13t gap
[KBRA] Carrascorno's base· Open — unwalled flank
Leo's base· Open — 8t gap
FerV's base· Open — 3t gap
Deckard Cain's base· Open — 4t gap
Smoothed initial terrain · ◌ = detected wall gap · hover for details
Inputs per minute
— [KBRA] DaDv - - True-Name aka tizteezy
Build order — [KBRA] DaDv
First 150 of 424 actions detected
| 0:51 | Build | Dock |
| 1:01 | Build | Town Center |
| 3:13 | Create | Villager (Male) |
| 3:14 | Create | Villager (Male) |
| 3:37 | Create | Villager (Male) |
| 3:53 | Create | Fishing Ship |
| 4:09 | Create | Villager (Male) |
| 4:55 | Create | Fishing Ship |
| 5:13 | Build | House |
| 5:29 | Create | Villager (Male) |
| 5:29 | Create | Villager (Male) |
| 6:13 | Create | Villager (Male) |
| 6:27 | Create | Fishing Ship |
| 6:27 | Create | Fishing Ship |
| 6:28 | Create | Fishing Ship |
| 6:46 | Create | Villager (Male) |
| 6:56 | Build | House |
| 7:00 | Create | Villager (Male) |
| 7:17 | Create | Fishing Ship |
| 7:17 | Create | Fishing Ship |
| 7:38 | Create | Villager (Male) |
| 7:42 | Create | Villager (Male) |
| 8:10 | Create | Fishing Ship |
| 8:14 | Build | House |
| 8:38 | Create | Villager (Male) |
| 8:48 | Create | Fishing Ship |
| 8:58 | Build | House |
| 9:06 | Create | Villager (Male) |
| 9:22 | Create | Fishing Ship |
| 9:36 | Create | Villager (Male) |
| 9:43 | Create | Fishing Ship |
| 9:53 | Build | Mill |
| 10:08 | Create | Villager (Male) |
| 10:09 | Create | Villager (Male) |
| 10:11 | Create | Fishing Ship |
| 10:44 | Create | Fishing Ship |
| 11:00 | Create | Villager (Male) |
| 11:21 | Research | Feudal Age |
| 11:32 | Create | Fishing Ship |
| 11:40 | Build | House |
| 11:52 | Create | Villager (Male) |
| 12:10 | Build | Dock |
| 12:40 | Build | Mining Camp |
| 12:44 | Research | Loom |
| 12:45 | Create | Villager (Male) |
| 12:57 | Build | Lumber Camp |
| 13:01 | Create | Villager (Male) |
| 13:10 | Build | House |
| 13:35 | Age | Feudal Age |
| 13:38 | Create | Unit 2626 |
| 13:39 | Create | Fishing Ship |
| 13:45 | Research | Double-Bit Axe |
| 13:47 | Create | Villager (Male) |
| 13:58 | Create | Fishing Ship |
| 14:01 | Create | Villager (Male) |
| 14:09 | Build | House |
| 14:10 | Build | House |
| 14:11 | Build | House |
| 14:40 | Create | Unit 2626 |
| 14:41 | Create | Fishing Ship |
| 14:49 | Create | Villager (Male) |
| 14:57 | Create | Villager (Male) |
| 15:14 | Create | Unit 2626 |
| 15:14 | Create | Fishing Ship |
| 15:24 | Create | Villager (Male) |
| 15:42 | Create | Unit 2626 |
| 15:43 | Create | Villager (Male) |
| 15:54 | Build | Blacksmith |
| 15:56 | Build | Palisade Wall |
| 15:58 | Create | Villager (Male) |
| 16:15 | Create | Villager (Male) |
| 16:46 | Create | Unit 2626 |
| 16:47 | Create | Fishing Ship |
| 16:58 | Build | Market |
| 17:02 | Create | Villager (Male) |
| 17:13 | Create | Unit 2626 |
| 17:13 | Create | Unit 2626 |
| 17:28 | Create | Unit 2626 |
| 17:28 | Create | Unit 2626 |
| 17:48 | Create | Villager (Male) |
| 17:52 | Research | Castle Age |
| 18:05 | Build | Dock |
| 18:18 | Create | Villager (Male) |
| 18:24 | Build | Lumber Camp |
| 18:46 | Build | Barracks |
| 19:16 | Create | Unit 2626 |
| 19:16 | Create | Unit 2626 |
| 19:17 | Create | Villager (Male) |
| 19:19 | Build | House |
| 19:20 | Build | House |
| 19:23 | Create | Villager (Male) |
| 19:34 | Research | Fletching |
| 19:37 | Research | Padded Archer Armor |
| 19:41 | Build | Archery Range |
| 19:46 | Research | Wheelbarrow |
| 19:53 | Create | Unit 2626 |
| 20:08 | Create | Unit 2626 |
| 20:18 | Create | Villager (Male) |
| 20:28 | Build | Archery Range |
| 20:33 | Age | Castle Age |
| 20:35 | Create | Cavalry Archer |
| 20:35 | Create | Cavalry Archer |
| 20:38 | Build | House |
| 20:48 | Research | Bodkin Arrow |
| 20:51 | Create | Villager (Male) |
| 20:51 | Create | Villager (Male) |
| 20:54 | Research | Bow Saw |
| 20:54 | Research | Bow Saw |
| 21:16 | Create | Villager (Male) |
| 21:18 | Create | Cavalry Archer |
| 21:35 | Create | Cavalry Archer |
| 21:41 | Research | Gold Mining |
| 21:43 | Create | Villager (Male) |
| 22:08 | Create | Villager (Male) |
| 22:15 | Create | Villager (Male) |
| 22:16 | Create | Cavalry Archer |
| 22:16 | Create | Cavalry Archer |
| 22:17 | Create | Villager (Male) |
| 22:18 | Create | Villager (Male) |
| 22:21 | Build | Mining Camp |
| 22:22 | Create | Villager (Male) |
| 22:24 | Create | Fishing Ship |
| 22:25 | Create | Fishing Ship |
| 22:25 | Create | Fishing Ship |
| 22:39 | Create | Villager (Male) |
| 22:43 | Build | Lumber Camp |
| 22:45 | Create | Cavalry Archer |
| 22:46 | Create | Cavalry Archer |
| 23:08 | Create | Villager (Male) |
| 23:09 | Create | Villager (Male) |
| 23:11 | Create | Fishing Ship |
| 23:11 | Create | Fishing Ship |
| 23:12 | Create | Fishing Ship |
| 23:15 | Build | Dock |
| 23:18 | Create | Fishing Ship |
| 23:19 | Create | Fishing Ship |
| 23:26 | Create | Cavalry Archer |
| 23:31 | Create | Villager (Male) |
| 23:31 | Create | Villager (Male) |
| 23:50 | Create | Cavalry Archer |
| 23:51 | Create | Cavalry Archer |
| 24:00 | Create | Cavalry Archer |
| 24:13 | Build | House |
| 24:13 | Build | House |
| 24:14 | Create | Fishing Ship |
| 24:14 | Create | Fishing Ship |
| 24:20 | Create | Cavalry Archer |
| 24:22 | Build | Archery Range |
| 24:25 | Create | Cavalry Archer |
| 24:43 | Create | Cavalry Archer |
Build order — True-Name aka tizteezy
First 150 of 419 actions detected
| 0:08 | Build | Town Center |
| 0:31 | Build | Dock |
| 0:37 | Build | Palisade Wall |
| 0:39 | Build | Palisade Wall |
| 2:35 | Create | Villager (Male) |
| 2:36 | Create | Villager (Male) |
| 2:36 | Create | Villager (Male) |
| 3:14 | Create | Villager (Male) |
| 3:19 | Create | Fishing Ship |
| 4:00 | Create | Villager (Male) |
| 4:09 | Create | Fishing Ship |
| 4:10 | Create | Fishing Ship |
| 4:42 | Create | Villager (Male) |
| 4:45 | Research | Loom |
| 4:57 | Build | House |
| 5:09 | Create | Villager (Male) |
| 5:52 | Create | Villager (Male) |
| 5:53 | Create | Villager (Male) |
| 6:04 | Create | Villager (Male) |
| 6:46 | Create | Fishing Ship |
| 6:50 | Build | House |
| 7:10 | Create | Villager (Male) |
| 7:17 | Build | House |
| 7:21 | Create | Villager (Male) |
| 7:50 | Create | Fishing Ship |
| 7:50 | Create | Fishing Ship |
| 8:08 | Create | Villager (Male) |
| 8:17 | Create | Villager (Male) |
| 8:18 | Create | Fishing Ship |
| 8:19 | Create | Villager (Male) |
| 8:42 | Create | Fishing Ship |
| 8:43 | Create | Villager (Male) |
| 8:59 | Create | Fishing Ship |
| 9:22 | Build | House |
| 9:29 | Create | Fishing Ship |
| 9:38 | Build | Mill |
| 9:44 | Create | Villager (Male) |
| 10:06 | Create | Villager (Male) |
| 10:07 | Create | Fishing Ship |
| 10:20 | Create | Villager (Male) |
| 10:38 | Create | Villager (Male) |
| 10:42 | Create | Fishing Ship |
| 10:47 | Build | House |
| 10:51 | Build | House |
| 11:41 | Research | Feudal Age |
| 11:48 | Build | Mining Camp |
| 12:00 | Build | Mining Camp |
| 12:46 | Build | Lumber Camp |
| 13:04 | Create | Villager (Male) |
| 13:04 | Create | Villager (Male) |
| 13:51 | Age | Feudal Age |
| 13:57 | Build | Market |
| 14:02 | Build | Blacksmith |
| 14:49 | Research | Castle Age |
| 14:49 | Research | Castle Age |
| 14:56 | Research | Double-Bit Axe |
| 15:19 | Research | Horse Collar |
| 16:38 | Create | Villager (Male) |
| 17:08 | Create | Trade Cog |
| 17:27 | Create | Villager (Male) |
| 17:29 | Age | Castle Age |
| 17:37 | Build | University |
| 17:47 | Research | Bow Saw |
| 17:49 | Research | Heavy Plow |
| 18:01 | Build | Mill |
| 18:40 | Research | Chemistry |
| 18:43 | Build | Barracks |
| 19:23 | Build | Farm |
| 19:23 | Build | Farm |
| 19:23 | Build | Farm |
| 19:24 | Build | Farm |
| 19:24 | Build | Farm |
| 19:25 | Build | Farm |
| 19:36 | Build | Archery Range |
| 19:39 | Create | Villager (Male) |
| 19:39 | Create | Villager (Male) |
| 20:18 | Create | Villager (Male) |
| 20:23 | Create | Hand Cannoneer |
| 20:23 | Create | Hand Cannoneer |
| 20:35 | Build | Archery Range |
| 20:51 | Create | Hand Cannoneer |
| 20:56 | Create | Villager (Male) |
| 21:04 | Build | House |
| 21:06 | Build | House |
| 21:06 | Build | House |
| 21:14 | Create | Hand Cannoneer |
| 21:24 | Create | Villager (Male) |
| 21:27 | Create | Hand Cannoneer |
| 21:33 | Build | Farm |
| 21:34 | Build | Farm |
| 21:37 | Create | Hand Cannoneer |
| 21:50 | Create | Hand Cannoneer |
| 21:57 | Build | Farm |
| 22:00 | Build | Farm |
| 22:02 | Create | Villager (Male) |
| 22:02 | Create | Villager (Male) |
| 22:15 | Create | Hand Cannoneer |
| 22:41 | Create | Hand Cannoneer |
| 22:47 | Create | Villager (Male) |
| 22:57 | Build | Farm |
| 22:58 | Build | Farm |
| 22:58 | Build | Farm |
| 22:58 | Build | Farm |
| 23:30 | Create | Hand Cannoneer |
| 23:30 | Create | Hand Cannoneer |
| 23:30 | Create | Villager (Male) |
| 23:34 | Create | Hand Cannoneer |
| 23:37 | Create | Hand Cannoneer |
| 23:52 | Create | Hand Cannoneer |
| 23:56 | Create | Villager (Male) |
| 23:57 | Create | Hand Cannoneer |
| 23:57 | Create | Hand Cannoneer |
| 24:16 | Create | Hand Cannoneer |
| 24:28 | Create | Hand Cannoneer |
| 24:29 | Create | Villager (Male) |
| 24:29 | Create | Villager (Male) |
| 24:45 | Create | Hand Cannoneer |
| 25:00 | Create | Hand Cannoneer |
| 25:05 | Build | Farm |
| 25:05 | Build | Farm |
| 25:05 | Build | Farm |
| 25:08 | Build | Farm |
| 25:08 | Build | Farm |
| 25:08 | Build | Farm |
| 25:08 | Build | Farm |
| 25:09 | Build | Farm |
| 25:10 | Create | Hand Cannoneer |
| 25:11 | Create | Hand Cannoneer |
| 25:42 | Create | Hand Cannoneer |
| 25:45 | Create | Villager (Male) |
| 25:46 | Create | Villager (Male) |
| 25:59 | Build | House |
| 26:00 | Build | House |
| 26:03 | Create | Villager (Male) |
| 26:32 | Create | Hand Cannoneer |
| 26:33 | Create | Villager (Male) |
| 26:36 | Create | Hand Cannoneer |
| 26:49 | Build | Siege Workshop |
| 26:51 | Create | Hand Cannoneer |
| 27:01 | Create | Hand Cannoneer |
| 27:01 | Create | Villager (Male) |
| 27:15 | Create | Hand Cannoneer |
| 27:16 | Create | Villager (Male) |
| 28:23 | Create | Villager (Male) |
| 28:29 | Build | Town Center |
| 28:30 | Create | Villager (Male) |
| 28:33 | Build | Town Center |
| 28:33 | Create | Hand Cannoneer |
| 28:50 | Create | Hand Cannoneer |
| 28:59 | Create | Battering Ram |
Build order — [KBRA] EagleK
First 150 of 352 actions detected
| 0:17 | Build | Town Center |
| 1:37 | Build | Dock |
| 1:40 | Build | House |
| 2:41 | Create | Fishing Ship |
| 2:42 | Create | Villager (Male) |
| 2:43 | Create | Villager (Male) |
| 2:43 | Create | Villager (Male) |
| 2:43 | Create | Villager (Male) |
| 2:43 | Create | Villager (Male) |
| 4:18 | Create | Villager (Male) |
| 4:32 | Create | Fishing Ship |
| 5:11 | Create | Villager (Male) |
| 5:11 | Create | Villager (Male) |
| 5:25 | Create | Fishing Ship |
| 5:43 | Create | Villager (Male) |
| 5:57 | Create | Villager (Male) |
| 6:02 | Create | Fishing Ship |
| 6:13 | Research | Loom |
| 6:17 | Build | House |
| 6:19 | Build | House |
| 6:22 | Create | Villager (Male) |
| 6:54 | Create | Villager (Male) |
| 6:54 | Create | Villager (Male) |
| 6:58 | Create | Fishing Ship |
| 7:04 | Build | House |
| 7:25 | Create | Villager (Male) |
| 7:25 | Create | Villager (Male) |
| 7:25 | Create | Villager (Male) |
| 7:25 | Create | Villager (Male) |
| 7:26 | Create | Villager (Male) |
| 7:48 | Create | Villager (Male) |
| 8:06 | Create | Villager (Male) |
| 9:03 | Create | Villager (Male) |
| 9:03 | Create | Villager (Male) |
| 9:13 | Create | Fishing Ship |
| 9:14 | Create | Fishing Ship |
| 9:16 | Create | Villager (Male) |
| 9:21 | Build | House |
| 9:23 | Build | House |
| 9:28 | Build | Mill |
| 10:25 | Build | Mining Camp |
| 10:37 | Build | Palisade Gate |
| 10:43 | Research | Feudal Age |
| 11:27 | Create | Fishing Ship |
| 11:54 | Build | Barracks |
| 12:11 | Create | Fishing Ship |
| 13:01 | Build | House |
| 13:06 | Create | Villager (Male) |
| 13:06 | Create | Villager (Male) |
| 13:11 | Age | Feudal Age |
| 13:19 | Build | Blacksmith |
| 13:25 | Create | Villager (Male) |
| 14:12 | Build | Stable |
| 14:20 | Create | Villager (Male) |
| 14:35 | Create | Unit 2626 |
| 14:47 | Build | House |
| 14:52 | Research | Castle Age |
| 15:22 | Create | Unit 2626 |
| 15:37 | Research | Wheelbarrow |
| 15:40 | Research | Bloodlines |
| 16:05 | Create | Unit 2626 |
| 16:31 | Build | Stable |
| 16:37 | Build | Palisade Gate |
| 16:42 | Research | Scale Barding Armor |
| 16:43 | Create | Villager (Male) |
| 17:17 | Age | Castle Age |
| 17:30 | Create | Knight |
| 17:31 | Create | Knight |
| 17:36 | Create | Villager (Male) |
| 18:06 | Create | Knight |
| 18:06 | Create | Knight |
| 18:21 | Create | Knight |
| 18:22 | Create | Villager (Male) |
| 18:37 | Create | Villager (Male) |
| 18:55 | Build | Town Center |
| 18:58 | Build | House |
| 19:31 | Create | Villager (Male) |
| 19:31 | Create | Villager (Male) |
| 19:31 | Create | Villager (Male) |
| 19:37 | Build | Lumber Camp |
| 19:45 | Build | Town Center |
| 20:14 | Create | Villager (Male) |
| 20:14 | Create | Villager (Male) |
| 20:15 | Create | Villager (Male) |
| 20:15 | Create | Villager (Male) |
| 21:22 | Create | Villager (Male) |
| 21:22 | Create | Villager (Male) |
| 21:22 | Create | Villager (Male) |
| 21:22 | Create | Villager (Male) |
| 21:53 | Build | Dock |
| 21:55 | Build | House |
| 21:56 | Build | House |
| 21:56 | Build | House |
| 21:58 | Build | House |
| 22:06 | Research | Tech 906 |
| 22:07 | Create | Fishing Ship |
| 22:22 | Create | Villager (Male) |
| 22:22 | Create | Villager (Male) |
| 22:23 | Create | Villager (Male) |
| 22:23 | Create | Villager (Male) |
| 22:23 | Create | Villager (Male) |
| 22:23 | Create | Villager (Male) |
| 22:45 | Build | Farm |
| 22:45 | Build | Farm |
| 22:46 | Build | Farm |
| 22:46 | Build | Farm |
| 22:46 | Build | Farm |
| 22:47 | Build | Farm |
| 22:47 | Build | Farm |
| 22:48 | Build | Farm |
| 23:02 | Build | House |
| 23:02 | Build | House |
| 23:14 | Build | House |
| 23:15 | Build | House |
| 23:30 | Research | Double-Bit Axe |
| 23:34 | Build | Farm |
| 23:35 | Build | Farm |
| 23:35 | Build | Farm |
| 23:35 | Build | Farm |
| 23:35 | Build | Farm |
| 23:40 | Create | Villager (Male) |
| 23:41 | Create | Villager (Male) |
| 23:47 | Create | Villager (Male) |
| 23:51 | Create | Villager (Male) |
| 23:51 | Create | Villager (Male) |
| 23:52 | Create | Villager (Male) |
| 24:05 | Build | Farm |
| 24:05 | Build | Farm |
| 24:06 | Build | Farm |
| 24:06 | Build | Farm |
| 24:21 | Create | Fishing Ship |
| 24:25 | Research | Gillnets |
| 24:35 | Create | Villager (Male) |
| 24:41 | Create | Villager (Male) |
| 24:51 | Build | Farm |
| 24:53 | Build | Farm |
| 24:56 | Build | Farm |
| 24:58 | Build | Farm |
| 25:03 | Create | Knight |
| 25:03 | Create | Knight |
| 25:38 | Create | Knight |
| 25:39 | Create | Knight |
| 25:41 | Create | Villager (Male) |
| 25:41 | Create | Villager (Male) |
| 25:41 | Create | Villager (Male) |
| 25:41 | Create | Villager (Male) |
| 25:47 | Build | Farm |
| 25:47 | Build | Farm |
| 25:47 | Build | Farm |
| 25:58 | Build | House |
Build order — santarem
First 150 of 375 actions detected
| 0:40 | Build | Dock |
| 0:49 | Build | Town Center |
| 3:02 | Create | Villager (Male) |
| 3:02 | Create | Villager (Male) |
| 3:03 | Create | Villager (Male) |
| 3:03 | Create | Villager (Male) |
| 3:46 | Create | Fishing Ship |
| 4:05 | Build | House |
| 4:30 | Create | Villager (Male) |
| 4:30 | Create | Villager (Male) |
| 5:07 | Create | Villager (Male) |
| 5:26 | Create | Villager (Male) |
| 5:46 | Create | Fishing Ship |
| 5:52 | Create | Villager (Male) |
| 5:52 | Create | Villager (Male) |
| 5:53 | Create | Villager (Male) |
| 6:11 | Build | House |
| 6:17 | Create | Villager (Male) |
| 6:46 | Create | Villager (Male) |
| 6:47 | Create | Villager (Male) |
| 6:53 | Research | Loom |
| 7:02 | Create | Fishing Ship |
| 7:03 | Create | Villager (Male) |
| 7:26 | Create | Villager (Male) |
| 7:27 | Create | Fishing Ship |
| 7:39 | Build | House |
| 8:02 | Create | Villager (Male) |
| 8:07 | Build | House |
| 8:08 | Build | House |
| 8:23 | Create | Villager (Male) |
| 8:38 | Create | Villager (Male) |
| 8:39 | Create | Fishing Ship |
| 8:52 | Create | Villager (Male) |
| 8:58 | Build | Mill |
| 9:06 | Create | Villager (Male) |
| 9:36 | Create | Villager (Male) |
| 9:38 | Create | Fishing Ship |
| 10:00 | Create | Fishing Ship |
| 10:01 | Create | Villager (Male) |
| 10:02 | Create | Villager (Male) |
| 10:04 | Build | House |
| 10:05 | Build | House |
| 11:04 | Create | Villager (Male) |
| 11:17 | Build | Mining Camp |
| 11:24 | Build | Mining Camp |
| 11:49 | Research | Feudal Age |
| 12:12 | Build | House |
| 12:27 | Build | House |
| 12:36 | Create | Villager (Male) |
| 12:37 | Create | Villager (Male) |
| 12:54 | Build | House |
| 14:02 | Build | Dock |
| 14:05 | Build | House |
| 14:23 | Age | Feudal Age |
| 14:24 | Research | Castle Age |
| 14:30 | Build | Archery Range |
| 14:38 | Build | Archery Range |
| 14:50 | Build | Lumber Camp |
| 15:20 | Create | Unit 2626 |
| 15:20 | Create | Unit 2626 |
| 15:25 | Build | House |
| 15:57 | Create | Unit 2626 |
| 16:06 | Research | Double-Bit Axe |
| 16:17 | Create | Unit 2626 |
| 16:35 | Create | Villager (Male) |
| 16:35 | Create | Villager (Male) |
| 16:58 | Build | Blacksmith |
| 17:04 | Age | Castle Age |
| 17:08 | Research | Crossbowman (upgrade) |
| 17:09 | Create | Archer |
| 17:09 | Create | Archer |
| 17:25 | Create | Archer |
| 17:25 | Create | Archer |
| 17:55 | Research | Fletching |
| 17:57 | Research | Forging |
| 18:10 | Create | Archer |
| 18:11 | Create | Archer |
| 18:17 | Research | Gold Mining |
| 18:35 | Create | Archer |
| 18:37 | Create | Villager (Male) |
| 18:37 | Create | Villager (Male) |
| 18:41 | Build | House |
| 18:42 | Build | House |
| 18:42 | Build | House |
| 18:51 | Create | Archer |
| 18:52 | Create | Villager (Male) |
| 19:20 | Research | Bodkin Arrow |
| 19:33 | Create | Villager (Male) |
| 19:34 | Create | Villager (Male) |
| 19:40 | Build | University |
| 20:02 | Create | Archer |
| 20:02 | Create | Archer |
| 20:03 | Create | Villager (Male) |
| 20:03 | Create | Villager (Male) |
| 20:41 | Create | Archer |
| 20:41 | Create | Archer |
| 21:00 | Create | Archer |
| 21:00 | Create | Archer |
| 21:01 | Create | Villager (Male) |
| 21:01 | Create | Villager (Male) |
| 21:21 | Create | Archer |
| 21:21 | Create | Archer |
| 21:22 | Create | Villager (Male) |
| 21:22 | Create | Villager (Male) |
| 21:37 | Create | Archer |
| 21:38 | Create | Villager (Male) |
| 21:38 | Create | Villager (Male) |
| 21:41 | Build | House |
| 21:42 | Build | House |
| 21:54 | Build | Market |
| 22:19 | Research | Padded Archer Armor |
| 22:20 | Create | Villager (Male) |
| 22:20 | Create | Villager (Male) |
| 22:34 | Research | Ballistics |
| 22:41 | Create | Villager (Male) |
| 22:41 | Create | Villager (Male) |
| 22:45 | Build | House |
| 22:46 | Build | House |
| 22:54 | Build | Town Center |
| 23:09 | Create | Archer |
| 23:09 | Create | Archer |
| 23:10 | Create | Villager (Male) |
| 23:38 | Create | Archer |
| 23:38 | Create | Archer |
| 23:48 | Build | House |
| 23:49 | Build | House |
| 24:18 | Build | House |
| 24:18 | Build | House |
| 24:19 | Build | House |
| 24:37 | Build | Siege Workshop |
| 24:59 | Research | Horse Collar |
| 25:15 | Create | Archer |
| 25:15 | Create | Archer |
| 25:37 | Create | Archer |
| 25:37 | Create | Archer |
| 25:38 | Create | Villager (Male) |
| 25:38 | Create | Villager (Male) |
| 25:40 | Build | Farm |
| 25:40 | Build | Farm |
| 25:41 | Build | Farm |
| 25:41 | Build | Farm |
| 25:41 | Build | Farm |
| 25:41 | Build | Farm |
| 25:42 | Build | Farm |
| 25:42 | Build | Farm |
| 25:43 | Build | Farm |
| 26:00 | Create | Archer |
| 26:01 | Create | Archer |
| 26:15 | Create | Mangonel |
| 26:16 | Create | Villager (Male) |
Build order — [KBRA] Carrascorno
First 150 of 223 actions detected
| 0:28 | Build | Town Center |
| 1:27 | Build | Dock |
| 2:48 | Create | Villager (Male) |
| 2:48 | Create | Villager (Male) |
| 3:13 | Create | Villager (Male) |
| 3:28 | Create | Villager (Male) |
| 3:34 | Create | Fishing Ship |
| 4:14 | Create | Villager (Male) |
| 4:20 | Research | Loom |
| 4:43 | Create | Fishing Ship |
| 4:52 | Build | House |
| 5:46 | Create | Villager (Male) |
| 5:48 | Create | Fishing Ship |
| 6:10 | Create | Villager (Male) |
| 6:11 | Create | Villager (Male) |
| 6:35 | Create | Villager (Male) |
| 6:38 | Create | Fishing Ship |
| 6:50 | Build | House |
| 6:57 | Create | Villager (Male) |
| 7:25 | Create | Villager (Male) |
| 7:31 | Create | Fishing Ship |
| 7:52 | Create | Villager (Male) |
| 7:58 | Build | House |
| 8:28 | Create | Villager (Male) |
| 8:28 | Create | Villager (Male) |
| 8:53 | Create | Villager (Male) |
| 8:58 | Build | Mill |
| 9:18 | Create | Villager (Male) |
| 9:35 | Create | Villager (Male) |
| 9:39 | Create | Fishing Ship |
| 9:49 | Build | House |
| 10:36 | Create | Villager (Male) |
| 10:52 | Build | Mining Camp |
| 11:06 | Research | Feudal Age |
| 11:49 | Build | Lumber Camp |
| 12:48 | Build | Dock |
| 13:16 | Age | Feudal Age |
| 13:18 | Create | Villager (Male) |
| 13:20 | Create | Galley |
| 13:21 | Create | Galley |
| 13:25 | Research | Double-Bit Axe |
| 13:27 | Create | Galley |
| 13:27 | Create | Galley |
| 13:31 | Create | Villager (Male) |
| 13:39 | Build | Blacksmith |
| 13:47 | Build | House |
| 13:53 | Create | Galley |
| 14:06 | Create | Villager (Male) |
| 14:11 | Create | Galley |
| 14:11 | Create | Galley |
| 14:27 | Build | House |
| 14:29 | Research | Fletching |
| 14:30 | Create | Villager (Male) |
| 14:49 | Create | Galley |
| 14:50 | Create | Villager (Male) |
| 15:00 | Create | Galley |
| 15:20 | Create | Villager (Male) |
| 15:32 | Create | Galley |
| 15:33 | Create | Galley |
| 15:47 | Create | Villager (Male) |
| 16:16 | Create | Villager (Male) |
| 16:16 | Create | Villager (Male) |
| 16:19 | Build | Market |
| 16:45 | Create | Galley |
| 16:45 | Create | Galley |
| 16:46 | Create | Villager (Male) |
| 17:18 | Build | Barracks |
| 18:19 | Build | Palisade Wall |
| 18:23 | Build | Palisade Wall |
| 18:26 | Build | Palisade Wall |
| 18:35 | Create | Villager (Male) |
| 18:51 | Create | Villager (Male) |
| 18:52 | Create | Spearman |
| 18:55 | Research | Castle Age |
| 19:43 | Research | Tech 906 |
| 19:44 | Create | Fishing Ship |
| 19:45 | Create | Fishing Ship |
| 20:51 | Create | Villager (Male) |
| 20:54 | Build | House |
| 20:56 | Build | House |
| 20:57 | Build | House |
| 22:05 | Age | Castle Age |
| 22:30 | Build | Archery Range |
| 22:32 | Create | Villager (Male) |
| 22:34 | Research | Bodkin Arrow |
| 22:48 | Create | Villager (Male) |
| 22:58 | Build | Archery Range |
| 23:18 | Research | Crossbowman (upgrade) |
| 23:20 | Research | Padded Archer Armor |
| 23:21 | Create | Villager (Male) |
| 23:21 | Create | Villager (Male) |
| 23:53 | Create | Archer |
| 23:54 | Create | Archer |
| 23:57 | Create | Villager (Male) |
| 24:25 | Create | Villager (Male) |
| 24:33 | Create | Archer |
| 24:49 | Create | Archer |
| 24:50 | Create | Villager (Male) |
| 25:11 | Build | Castle |
| 25:41 | Create | Villager (Male) |
| 25:43 | Create | Archer |
| 25:43 | Create | Archer |
| 25:44 | Create | Villager (Male) |
| 25:44 | Create | Villager (Male) |
| 26:37 | Build | Mining Camp |
| 29:09 | Create | Villager (Male) |
| 29:09 | Create | Villager (Male) |
| 29:10 | Create | Villager (Male) |
| 29:10 | Create | Villager (Male) |
| 30:40 | Build | Town Center |
| 31:01 | Create | Villager (Male) |
| 31:01 | Create | Villager (Male) |
| 32:19 | Create | Villager (Male) ×5 |
| 33:33 | Create | Villager (Male) |
| 33:34 | Create | Villager (Male) |
| 33:34 | Create | Villager (Male) |
| 33:36 | Create | Villager (Male) |
| 33:42 | Build | House |
| 33:43 | Build | House |
| 33:44 | Build | House |
| 34:04 | Create | Villager (Male) |
| 34:38 | Create | Villager (Male) |
| 34:48 | Build | House |
| 34:49 | Build | House |
| 34:50 | Build | House |
| 34:55 | Research | Bow Saw |
| 34:57 | Research | Horse Collar |
| 35:34 | Build | House |
| 35:35 | Build | House |
| 35:35 | Build | House |
| 35:35 | Build | House |
| 36:12 | Create | Villager (Male) |
| 36:25 | Build | House |
| 37:12 | Build | House |
| 37:21 | Research | Gold Mining |
| 37:25 | Create | Villager (Male) |
| 37:26 | Create | Villager (Male) |
| 37:26 | Create | Villager (Male) |
| 37:57 | Build | House |
| 37:59 | Build | House |
| 38:06 | Build | Barracks |
| 38:21 | Build | Archery Range |
| 38:23 | Research | Leather Archer Armor |
| 38:33 | Build | University |
| 38:40 | Create | Villager (Male) |
| 38:43 | Create | Villager (Male) |
| 39:02 | Build | Mill |
| 39:06 | Build | Palisade Wall |
| 39:09 | Build | Palisade Wall |
| 39:24 | Build | House |
Build order — Leo
First 150 of 362 actions detected
| 0:02 | Build | Town Center |
| 1:22 | Build | Dock |
| 2:27 | Create | Villager (Male) ×4 |
| 2:28 | Create | Villager (Male) ×4 |
| 3:28 | Create | Fishing Ship |
| 4:05 | Create | Villager (Male) |
| 4:07 | Create | Fishing Ship |
| 4:19 | Research | Loom |
| 4:29 | Build | House |
| 4:57 | Create | Fishing Ship |
| 5:25 | Create | Villager (Male) |
| 5:35 | Create | Fishing Ship |
| 5:40 | Build | House |
| 6:01 | Create | Villager (Male) |
| 6:17 | Create | Fishing Ship |
| 6:20 | Create | Villager (Male) |
| 6:44 | Create | Fishing Ship |
| 7:00 | Create | Villager (Male) |
| 7:20 | Build | House |
| 7:24 | Create | Villager (Male) |
| 7:35 | Create | Fishing Ship |
| 7:40 | Create | Villager (Male) |
| 7:41 | Create | Villager (Male) |
| 8:07 | Create | Villager (Male) |
| 8:09 | Create | Fishing Ship |
| 8:34 | Create | Villager (Male) |
| 8:38 | Build | House |
| 8:50 | Create | Villager (Male) |
| 9:05 | Create | Fishing Ship |
| 9:37 | Create | Fishing Ship |
| 9:43 | Build | House |
| 10:00 | Create | Villager (Male) |
| 10:00 | Create | Villager (Male) |
| 10:05 | Create | Fishing Ship |
| 10:33 | Create | Villager (Male) |
| 10:36 | Create | Fishing Ship |
| 11:08 | Build | Lumber Camp |
| 11:22 | Create | Villager (Male) |
| 11:26 | Research | Feudal Age |
| 11:26 | Research | Feudal Age |
| 11:42 | Create | Villager (Male) |
| 11:42 | Create | Villager (Male) |
| 12:51 | Build | House |
| 13:04 | Build | Mining Camp |
| 13:31 | Create | Villager (Male) |
| 13:31 | Create | Villager (Male) |
| 13:36 | Age | Feudal Age |
| 13:41 | Build | Blacksmith |
| 13:49 | Build | Mill |
| 13:54 | Create | Villager (Male) |
| 13:56 | Research | Double-Bit Axe |
| 14:35 | Build | Market |
| 14:49 | Create | Villager (Male) |
| 15:10 | Build | Dock |
| 15:33 | Research | Castle Age |
| 15:38 | Build | House |
| 17:07 | Build | Lumber Camp |
| 17:37 | Create | Villager (Male) |
| 17:37 | Create | Villager (Male) |
| 17:37 | Create | Villager (Male) |
| 17:37 | Create | Villager (Male) |
| 17:38 | Create | Villager (Male) |
| 17:45 | Research | Horse Collar |
| 17:49 | Build | Farm |
| 17:52 | Build | Farm |
| 17:56 | Build | Farm |
| 17:57 | Build | Farm |
| 18:13 | Age | Castle Age |
| 18:22 | Build | Town Center |
| 18:28 | Build | Town Center |
| 18:33 | Create | Villager (Male) |
| 18:33 | Create | Villager (Male) |
| 18:40 | Build | Farm |
| 18:41 | Build | Farm |
| 18:43 | Build | Farm |
| 18:47 | Build | Farm |
| 19:19 | Build | Farm |
| 19:35 | Create | Villager (Male) |
| 19:37 | Create | Villager (Male) |
| 19:37 | Create | Villager (Male) |
| 19:57 | Create | Villager (Male) |
| 19:58 | Create | Villager (Male) |
| 20:15 | Build | Farm |
| 20:20 | Create | Villager (Male) |
| 20:29 | Build | Farm |
| 20:41 | Create | Villager (Male) |
| 20:41 | Create | Villager (Male) |
| 20:41 | Create | Villager (Male) |
| 20:42 | Create | Villager (Male) |
| 20:43 | Create | Villager (Male) |
| 20:52 | Build | Farm |
| 21:08 | Create | Villager (Male) |
| 21:11 | Build | Farm |
| 21:18 | Build | Farm |
| 21:22 | Build | Farm |
| 21:25 | Create | Villager (Male) |
| 21:37 | Create | Villager (Male) |
| 21:38 | Create | Villager (Male) |
| 21:50 | Build | Town Center |
| 21:56 | Build | Farm |
| 22:09 | Research | Bow Saw |
| 22:18 | Build | Farm |
| 22:23 | Create | Villager (Male) |
| 22:23 | Create | Villager (Male) |
| 22:28 | Create | Villager (Male) |
| 22:37 | Build | Lumber Camp |
| 22:50 | Create | Villager (Male) |
| 22:50 | Create | Villager (Male) |
| 22:51 | Create | Villager (Male) |
| 22:57 | Build | House |
| 22:58 | Build | House |
| 23:01 | Build | House |
| 23:14 | Create | Villager (Male) |
| 23:14 | Create | Villager (Male) |
| 23:14 | Create | Villager (Male) |
| 23:14 | Create | Villager (Male) |
| 23:28 | Build | Farm |
| 23:28 | Build | Farm |
| 23:29 | Build | Farm |
| 23:29 | Build | Farm |
| 23:29 | Build | Farm |
| 23:30 | Build | Farm |
| 23:34 | Create | Villager (Male) |
| 23:34 | Create | Villager (Male) |
| 23:39 | Create | Villager (Male) |
| 23:39 | Create | Villager (Male) |
| 23:45 | Create | Villager (Male) |
| 23:45 | Create | Villager (Male) |
| 24:08 | Build | Barracks |
| 24:11 | Create | Villager (Male) |
| 24:11 | Create | Villager (Male) |
| 24:11 | Create | Villager (Male) |
| 24:11 | Create | Villager (Male) |
| 24:18 | Build | Farm |
| 24:19 | Build | Farm |
| 24:19 | Build | Farm |
| 24:20 | Build | Farm |
| 24:21 | Build | Farm |
| 24:31 | Build | Farm |
| 24:38 | Create | Villager (Male) |
| 24:38 | Create | Villager (Male) |
| 24:43 | Create | Villager (Male) |
| 24:43 | Create | Villager (Male) |
| 24:48 | Build | Lumber Camp |
| 24:59 | Create | Villager (Male) |
| 25:00 | Create | Villager (Male) |
| 25:12 | Build | Stable |
| 25:19 | Create | Villager (Male) |
| 25:19 | Create | Villager (Male) |
| 25:19 | Create | Villager (Male) |
Build order — FerV
First 150 of 255 actions detected
| 0:20 | Build | Town Center |
| 2:01 | Build | Dock |
| 2:42 | Create | Villager (Male) |
| 2:43 | Create | Villager (Male) |
| 2:43 | Create | Villager (Male) |
| 3:30 | Create | Villager (Male) |
| 3:50 | Create | Fishing Ship |
| 4:13 | Build | House |
| 4:57 | Create | Fishing Ship |
| 5:12 | Create | Villager (Male) |
| 5:42 | Create | Fishing Ship |
| 5:50 | Create | Villager (Male) |
| 6:24 | Create | Villager (Male) |
| 6:31 | Create | Fishing Ship |
| 6:41 | Create | Villager (Male) |
| 6:47 | Build | House |
| 7:09 | Create | Villager (Male) |
| 7:29 | Create | Fishing Ship |
| 7:38 | Create | Villager (Male) |
| 7:55 | Build | House |
| 8:06 | Create | Villager (Male) |
| 8:24 | Create | Villager (Male) |
| 8:38 | Create | Fishing Ship |
| 8:49 | Create | Villager (Male) |
| 8:52 | Build | House |
| 9:12 | Create | Villager (Male) |
| 9:40 | Create | Fishing Ship |
| 9:42 | Create | Villager (Male) |
| 10:08 | Create | Villager (Male) |
| 10:40 | Create | Villager (Male) |
| 10:54 | Build | Mill |
| 11:06 | Create | Villager (Male) |
| 11:27 | Research | Loom |
| 11:31 | Research | Feudal Age |
| 12:02 | Build | Mining Camp |
| 13:11 | Build | Barracks |
| 14:06 | Age | Feudal Age |
| 14:10 | Build | Stable |
| 14:10 | Create | Villager (Male) |
| 14:11 | Create | Villager (Male) |
| 14:59 | Build | Blacksmith |
| 15:06 | Create | Villager (Male) |
| 15:22 | Research | Castle Age |
| 15:27 | Build | House |
| 15:30 | Research | Castle Age |
| 15:44 | Build | Mining Camp |
| 15:56 | Create | Spearman |
| 16:09 | Create | Spearman |
| 16:53 | Create | Villager (Male) |
| 17:32 | Create | Spearman |
| 18:10 | Age | Castle Age |
| 18:15 | Create | Knight |
| 18:34 | Create | Villager (Male) |
| 18:39 | Build | House |
| 18:40 | Build | House |
| 18:49 | Build | Lumber Camp |
| 19:06 | Create | Villager (Male) |
| 19:50 | Create | Villager (Male) |
| 20:32 | Build | Castle |
| 20:37 | Create | Villager (Male) |
| 20:46 | Create | Villager (Male) |
| 21:25 | Create | Villager (Male) |
| 21:56 | Create | Demolition Raft |
| 21:59 | Research | Tech 906 |
| 22:01 | Create | Demolition Raft |
| 22:03 | Create | Demolition Raft |
| 22:08 | Create | Fishing Ship |
| 22:08 | Create | Fishing Ship |
| 22:36 | Create | Conquistador |
| 23:06 | Create | Villager (Male) |
| 23:21 | Create | Conquistador |
| 23:21 | Create | Conquistador |
| 23:40 | Build | Siege Workshop |
| 24:12 | Build | Fish Trap |
| 24:16 | Create | Villager (Male) |
| 24:18 | Create | Conquistador |
| 24:41 | Create | Conquistador |
| 25:18 | Create | Mangonel |
| 25:24 | Create | Villager (Male) |
| 25:44 | Create | Villager (Male) |
| 25:50 | Research | Double-Bit Axe |
| 26:57 | Create | Mangonel |
| 26:59 | Create | Villager (Male) |
| 27:43 | Create | Mangonel |
| 27:47 | Create | Villager (Male) |
| 28:13 | Create | Conquistador |
| 28:34 | Create | Villager (Male) |
| 28:40 | Create | Villager (Male) |
| 28:53 | Create | Battering Ram |
| 29:00 | Create | Villager (Male) |
| 29:27 | Build | Mill |
| 29:48 | Create | Villager (Male) |
| 31:08 | Create | Villager (Male) |
| 31:09 | Create | Villager (Male) |
| 31:26 | Create | Villager (Male) |
| 31:28 | Create | Conquistador |
| 31:28 | Create | Conquistador |
| 31:29 | Create | Villager (Male) |
| 31:36 | Build | Town Center |
| 31:38 | Create | Villager (Male) |
| 31:56 | Create | Conquistador |
| 32:04 | Build | Fish Trap |
| 32:18 | Build | Farm |
| 32:55 | Create | Villager (Male) |
| 33:05 | Create | Conquistador |
| 33:25 | Build | Castle |
| 33:30 | Create | Conquistador |
| 33:31 | Create | Villager (Male) |
| 33:38 | Create | Conquistador |
| 33:39 | Create | Villager (Male) |
| 33:46 | Build | Farm |
| 33:48 | Research | Horse Collar |
| 33:58 | Create | Conquistador |
| 34:30 | Create | Conquistador |
| 34:31 | Create | Villager (Male) |
| 34:48 | Create | Villager (Male) |
| 34:58 | Create | Conquistador |
| 35:02 | Build | Town Center |
| 35:05 | Create | Villager (Male) |
| 35:26 | Research | Fletching |
| 35:37 | Build | Mill |
| 35:44 | Create | Conquistador |
| 35:46 | Create | Conquistador |
| 36:16 | Create | Villager (Male) |
| 36:16 | Create | Conquistador |
| 36:32 | Create | Villager (Male) |
| 36:52 | Create | Villager (Male) |
| 36:52 | Create | Villager (Male) |
| 36:53 | Create | Villager (Male) |
| 36:55 | Build | Farm |
| 36:56 | Research | Bow Saw |
| 36:57 | Create | Villager (Male) |
| 37:01 | Build | Farm |
| 37:03 | Build | Farm |
| 37:11 | Create | Villager (Male) |
| 37:13 | Create | Conquistador |
| 37:13 | Create | Conquistador |
| 37:36 | Research | Bloodlines |
| 37:36 | Research | Bloodlines |
| 38:04 | Build | Farm |
| 38:05 | Build | Farm |
| 38:05 | Build | Farm |
| 38:07 | Build | Farm |
| 38:08 | Build | Farm |
| 38:09 | Research | Wheelbarrow |
| 38:11 | Create | Villager (Male) |
| 38:32 | Build | Castle |
| 38:35 | Create | Villager (Male) |
| 38:38 | Create | Villager (Male) |
| 38:39 | Create | Villager (Male) |
Build order — Deckard Cain
First 150 of 217 actions detected
| 0:03 | Build | Town Center |
| 1:13 | Build | Dock |
| 2:27 | Create | Villager (Male) |
| 2:27 | Create | Villager (Male) |
| 2:27 | Create | Villager (Male) |
| 2:28 | Create | Villager (Male) |
| 3:11 | Create | Fishing Ship |
| 3:59 | Create | Villager (Male) |
| 4:21 | Build | House |
| 4:38 | Create | Villager (Male) |
| 4:59 | Create | Fishing Ship |
| 5:05 | Create | Villager (Male) |
| 5:05 | Create | Villager (Male) |
| 5:31 | Create | Villager (Male) |
| 5:31 | Create | Villager (Male) |
| 5:36 | Build | House |
| 6:08 | Create | Villager (Male) |
| 6:13 | Create | Fishing Ship |
| 6:30 | Create | Villager (Male) |
| 6:38 | Build | House |
| 6:39 | Research | Loom |
| 6:56 | Create | Villager (Male) |
| 7:22 | Create | Fishing Ship |
| 7:41 | Create | Villager (Male) |
| 7:53 | Create | Fishing Ship |
| 7:54 | Create | Villager (Male) |
| 8:02 | Create | Villager (Male) |
| 8:23 | Create | Villager (Male) |
| 8:27 | Build | House |
| 9:17 | Create | Villager (Male) |
| 9:23 | Create | Fishing Ship |
| 9:29 | Build | Mill |
| 9:50 | Create | Villager (Male) |
| 10:33 | Research | Feudal Age |
| 10:44 | Build | Barracks |
| 11:06 | Build | Dock |
| 11:08 | Create | Villager (Male) |
| 11:09 | Create | Villager (Male) |
| 12:43 | Age | Feudal Age |
| 12:46 | Build | Stable |
| 12:57 | Research | Horse Collar |
| 13:00 | Create | Villager (Male) |
| 13:11 | Build | Farm |
| 13:15 | Build | Farm |
| 13:17 | Build | Farm |
| 13:17 | Create | Scout Cavalry |
| 13:18 | Create | Scout Cavalry |
| 13:20 | Build | Farm |
| 13:23 | Build | Farm |
| 13:34 | Build | Farm |
| 13:56 | Create | Scout Cavalry |
| 14:00 | Create | Villager (Male) |
| 14:02 | Build | Farm |
| 14:10 | Build | Lumber Camp |
| 14:14 | Build | Farm |
| 14:18 | Create | Villager (Male) |
| 14:18 | Create | Scout Cavalry |
| 14:44 | Create | Villager (Male) |
| 14:53 | Build | House |
| 14:56 | Build | Blacksmith |
| 15:01 | Research | Wheelbarrow |
| 15:16 | Research | Double-Bit Axe |
| 15:30 | Research | Forging |
| 15:43 | Create | Scout Cavalry |
| 15:44 | Create | Villager (Male) |
| 15:55 | Build | House |
| 15:56 | Build | House |
| 15:57 | Build | House |
| 16:32 | Create | Scout Cavalry |
| 16:42 | Create | Villager (Male) |
| 17:08 | Create | Villager (Male) |
| 17:12 | Build | Farm |
| 17:14 | Build | Farm |
| 17:42 | Create | Villager (Male) |
| 17:45 | Build | Farm |
| 17:49 | Build | Farm |
| 18:40 | Create | Villager (Male) |
| 18:47 | Build | Farm |
| 18:50 | Build | Farm |
| 19:03 | Build | Mill |
| 19:12 | Build | Farm |
| 19:16 | Build | Farm |
| 19:17 | Build | Farm |
| 19:18 | Build | Farm |
| 19:19 | Build | Farm |
| 19:23 | Create | Spearman |
| 19:23 | Create | Spearman |
| 19:37 | Build | House |
| 19:39 | Build | House |
| 20:19 | Create | Spearman |
| 20:19 | Create | Spearman |
| 20:22 | Create | Scout Cavalry |
| 20:23 | Create | Scout Cavalry |
| 20:48 | Create | Spearman |
| 21:08 | Create | Villager (Male) |
| 21:09 | Create | Villager (Male) |
| 21:09 | Create | Villager (Male) |
| 21:09 | Create | Villager (Male) |
| 21:59 | Build | Mining Camp |
| 22:59 | Build | Market |
| 23:45 | Research | Castle Age |
| 24:00 | Build | Lumber Camp |
| 26:25 | Age | Castle Age |
| 26:37 | Build | Town Center |
| 26:42 | Build | House |
| 26:53 | Build | Palisade Wall |
| 26:58 | Build | Palisade Gate |
| 27:02 | Build | Palisade Wall |
| 27:02 | Build | Palisade Wall |
| 27:03 | Build | Palisade Wall |
| 27:59 | Create | Villager (Male) |
| 27:59 | Create | Villager (Male) |
| 28:16 | Build | Siege Workshop |
| 28:34 | Build | Town Center |
| 28:39 | Create | Villager (Male) |
| 28:39 | Create | Villager (Male) |
| 28:50 | Create | Mangonel |
| 28:51 | Create | Mangonel |
| 29:02 | Research | Gold Mining |
| 29:15 | Create | Villager (Male) |
| 29:34 | Create | Battle Elephant |
| 30:17 | Create | Villager (Male) |
| 30:18 | Create | Villager (Male) |
| 31:04 | Create | Villager (Male) |
| 31:04 | Create | Villager (Male) |
| 31:27 | Create | Mangonel |
| 31:42 | Create | Villager (Male) |
| 31:43 | Create | Villager (Male) |
| 31:44 | Create | Villager (Male) |
| 32:05 | Build | Farm |
| 32:06 | Build | Farm |
| 32:14 | Create | Scout Cavalry |
| 33:10 | Create | Villager (Male) |
| 33:12 | Create | Villager (Male) |
| 33:39 | Build | Town Center |
| 33:43 | Create | Villager (Male) |
| 33:55 | Create | Villager (Male) |
| 33:56 | Create | Villager (Male) |
| 34:14 | Create | Mangonel |
| 34:43 | Create | Villager (Male) |
| 35:37 | Create | Mangonel |
| 36:12 | Research | Fletching |
| 36:32 | Create | Mangonel |
| 37:04 | Create | Villager (Male) |
| 37:05 | Create | Villager (Male) |
| 39:08 | Create | Villager (Male) |
| 39:08 | Create | Villager (Male) |
| 39:08 | Create | Villager (Male) |
| 39:08 | Create | Mangonel |
| 39:49 | Create | Armored Elephant |
Match timeline
| 0:31 | True-Name aka tizteezy · first_building Dock |
| 0:37 | True-Name aka tizteezy · wall_segment Palisade Wall x1 |
| 0:39 | True-Name aka tizteezy · wall_segment Palisade Wall x1 |
| 0:40 | santarem · first_building Dock |
| 0:51 | [KBRA] DaDv · first_building Dock |
| 1:13 | Deckard Cain · first_building Dock |
| 1:22 | Leo · first_building Dock |
| 1:27 | [KBRA] Carrascorno · first_building Dock |
| 1:37 | [KBRA] EagleK · first_building Dock |
| 2:01 | FerV · first_building Dock |
| 10:44 | Deckard Cain · first_building Barracks |
| 11:54 | [KBRA] EagleK · first_building Barracks |
| 12:43 | Deckard Cain · age_up feudal |
| 12:46 | Deckard Cain · first_building Stable |
| 13:11 | FerV · first_building Barracks |
| 13:11 | [KBRA] EagleK · age_up feudal |
| 13:16 | [KBRA] Carrascorno · age_up feudal |
| 13:35 | [KBRA] DaDv · age_up feudal |
| 13:36 | Leo · age_up feudal |
| 13:51 | True-Name aka tizteezy · age_up feudal |
| 14:06 | FerV · age_up feudal |
| 14:10 | FerV · first_building Stable |
| 14:12 | [KBRA] EagleK · first_building Stable |
| 14:23 | santarem · age_up feudal |
| 14:30 | santarem · first_building Archery Range |
| 15:25 | Leo · first_market_sell 100 wood |
| 15:56 | [KBRA] DaDv · wall_segment Palisade Wall x1 |
| 17:04 | santarem · age_up castle |
| 17:17 | [KBRA] EagleK · age_up castle |
| 17:18 | [KBRA] Carrascorno · first_building Barracks |
| 17:29 | True-Name aka tizteezy · age_up castle |
| 18:10 | FerV · age_up castle |
| 18:13 | Leo · age_up castle |
| 18:19 | [KBRA] Carrascorno · wall_segment Palisade Wall x1 |
| 18:19 | True-Name aka tizteezy · first_market_buy 100 food |
| 18:23 | [KBRA] Carrascorno · wall_segment Palisade Wall x1 |
| 18:26 | [KBRA] Carrascorno · wall_segment Palisade Wall x1 |
| 18:43 | True-Name aka tizteezy · first_building Barracks |
| 18:46 | [KBRA] DaDv · first_building Barracks |
| 19:36 | True-Name aka tizteezy · first_building Archery Range |
| 19:41 | [KBRA] DaDv · first_building Archery Range |
| 20:32 | FerV · first_building Castle |
| 20:33 | [KBRA] DaDv · age_up castle |
| 21:55 | [KBRA] Carrascorno · first_market_sell 500 wood |
| 22:05 | [KBRA] Carrascorno · age_up castle |
| 22:30 | [KBRA] Carrascorno · first_building Archery Range |
| 23:37 | Deckard Cain · first_market_sell 100 wood |
| 23:40 | FerV · first_building Siege Workshop |
| 23:41 | Deckard Cain · first_market_buy 100 food |
| 24:08 | Leo · first_building Barracks |
| 24:37 | santarem · first_building Siege Workshop |
| 24:55 | santarem · first_market_buy 100 food |
| 25:11 | [KBRA] Carrascorno · first_building Castle |
| 25:12 | Leo · first_building Stable |
| 26:18 | [KBRA] DaDv · first_market_sell 100 food |
| 26:25 | Deckard Cain · age_up castle |
| 26:49 | True-Name aka tizteezy · first_building Siege Workshop |
| 26:53 | Deckard Cain · wall_segment Palisade Wall x4 |
| 27:02 | Deckard Cain · wall_segment Palisade Wall x1 |
| 27:02 | Deckard Cain · wall_segment Palisade Wall x1 |
| 27:03 | Deckard Cain · wall_segment Palisade Wall x1 |
| 28:16 | Deckard Cain · first_building Siege Workshop |
| 28:32 | santarem · wall_segment Stone Wall x1 |
| 28:49 | Leo · first_building Castle |
| 28:51 | [KBRA] Carrascorno · first_market_buy 100 wood |
| 31:46 | santarem · first_market_sell 100 food |
| 32:01 | Leo · wall_segment Stone Wall x4 |
| 33:23 | Leo · age_up imperial |
| 34:07 | [KBRA] EagleK · first_market_sell 100 food |
| 34:21 | [KBRA] EagleK · first_building Monastery |
| 34:42 | [KBRA] DaDv · first_building Castle |
| 35:09 | santarem · first_building Stable |
| 35:12 | [KBRA] DaDv · first_building Monastery |
| 36:07 | santarem · age_up imperial |
| 36:35 | santarem · first_building Castle |
| 38:29 | [KBRA] EagleK · age_up imperial |
| 38:44 | True-Name aka tizteezy · first_market_sell 100 wood |
| 39:06 | [KBRA] Carrascorno · wall_segment Palisade Wall x1 |
| 39:08 | [KBRA] DaDv · first_building Stable |
| 39:09 | [KBRA] Carrascorno · wall_segment Palisade Wall x1 |
| 39:17 | [KBRA] DaDv · age_up imperial |
| 40:24 | Deckard Cain · first_building Castle |
| 40:50 | [KBRA] DaDv · first_market_buy 100 food |
| 43:00 | [KBRA] Carrascorno · first_building Siege Workshop |
| 43:46 | [KBRA] EagleK · first_building Castle |
| 45:19 | Deckard Cain · wall_segment Stone Wall x1 |
| 45:23 | Deckard Cain · wall_segment Stone Wall x1 |
| 47:16 | FerV · resign |
[ AI ANALYSIS · 1 CREDIT ]
What really happened in this match?
Wolo.gg analyzes every decision: build order, eco, micro, common mistakes by bracket. Personalized analysis on WhatsApp or Discord in 30 seconds.
Civ guide
Japanese
Perfil
Jugador #16504982